[Event "Turkish Club Cup 2019"]
[Site "Konya"]
[Date "2019.07.16"]
[Round "1"]
[White "Aslan, Deniz Cihan"]
[Black "Caputcuoglu, Zeki Berke"]
[Result "0-1"]
[ECO "A45"]
[WhiteElo "1360"]
[BlackElo "2010"]
[Annotator "NA"]
[PlyCount "42"]
[EventDate "2019.07.16"]
[EventType "team-tourn"]
[EventCountry "TUR"]
[SourceTitle "playchess.com"]
[Source "ChessBase"]
[SourceQuality "1"]
[TimeControl "5400+30"]

1. d4 Nf6 2. Bf4 g6 3. Nc3 d5 4. Qd2 Bg7 5. f3 O-O 6. O-O-O c5 7. dxc5 Qa5 8. a3 Qxc5 9. Be3 Qc7 10. Nxd5 Nxd5 11. Qxd5 Nc6 12. Qc5 b6 13. Qc4 Be6 14. Qb5 Rac8 15. c3 Na5 16. Qb4 Nb3+ 17. Kc2 a5 18. Qxb6 Qc4 19. Bf2 Rb8 20. e4 Qa4 21. Qxb8 Rxb8 0-1

[Event "Turkish Club Cup 2019"]
[Site "Konya"]
[Date "2019.07.16"]
[Round "1"]
[White "Maden, Dogac Fevzi"]
[Black "Guner, Sati Emre"]
[Result "0-1"]
[ECO "D02"]
[WhiteElo "1357"]
[BlackElo "1912"]
[Annotator "NA"]
[PlyCount "90"]
[EventDate "2019.07.16"]
[EventType "team-tourn"]
[EventCountry "TUR"]
[SourceTitle "playchess.com"]
[Source "ChessBase"]
[SourceQuality "1"]
[TimeControl "5400+30"]

1. d4 d5 2. Nf3 Nf6 3. Bf4 c5 4. c3 Nc6 5. e3 Qb6 6. Qc2 Bg4 7. Nbd2 e6 8. h3 Bf5 9. Qb3 c4 10. Qxb6 axb6 11. Be2 b5 12. Nh4 Be4 13. f3 Bd3 14. Bxd3 cxd3 15. g4 Nd7 16. e4 Be7 17. Ng2 O-O 18. O-O b4 19. Ne1 bxc3 20. bxc3 dxe4 21. fxe4 e5 22. dxe5 Ndxe5 23. Ndf3 Bf6 24. Nxe5 Bxe5 25. Bxe5 Nxe5 26. Rd1 Rfd8 27. Nf3 Nc4 28. Rf2 Ra3 29. Nd2 Ne5 30. Nb3 Rc8 31. Rc1 Ra4 32. Nd2 Rxa2 33. Nf3 Rxf2 34. Kxf2 Nxf3 35. Kxf3 d2 36. Rd1 Rxc3+ 37. Kg2 Rd3 38. h4 Kf8 39. Kf2 Ke7 40. Ke2 Rd7 41. g5 Ke6 42. h5 Ke5 43. Ke3 b5 44. Rxd2 Rxd2 45. Kxd2 Kxe4 0-1

[Event "Turkish Club Cup 2019"]
[Site "Konya"]
[Date "2019.07.16"]
[Round "1"]
[White "Cankurtaran, Merve"]
[Black "Yazici, Betul"]
[Result "0-1"]
[ECO "D05"]
[WhiteElo "1335"]
[BlackElo "1267"]
[Annotator "NA"]
[PlyCount "64"]
[EventDate "2019.07.16"]
[EventType "team-tourn"]
[EventCountry "TUR"]
[SourceTitle "playchess.com"]
[Source "ChessBase"]
[SourceQuality "1"]
[TimeControl "5400+30"]

1. d4 Nf6 2. Nf3 d5 3. c3 e6 4. e3 Nbd7 5. Bd3 c5 6. Nbd2 Nb6 7. O-O Be7 8. Ne5 Nbd7 9. f4 Nxe5 10. fxe5 Nd7 11. Qh5 g6 12. Qf3 O-O 13. e4 Nb6 14. Kh1 cxd4 15. cxd4 f6 16. Qe2 fxe5 17. Rxf8+ Bxf8 18. dxe5 Bg7 19. Nf3 dxe4 20. Qxe4 Qd5 21. Bf4 Bd7 22. Qe2 Bc6 23. Bg5 h6 24. Bxg6 hxg5 25. Nxg5 Rd8 26. Bf7+ Kf8 27. Bxe6 Qxe5 28. Rf1+ Ke7 29. Qg4 Rd2 30. Qb4+ Rd6 31. Rf7+ Ke8 32. h3 Rd1+ 0-1

[Event "Turkish Club Cup 2019"]
[Site "Konya"]
[Date "2019.07.16"]
[Round "1"]
[White "Sahin, Zeynep Gokce"]
[Black "Kiziltas, Ece Su"]
[Result "0-1"]
[ECO "B08"]
[WhiteElo "1332"]
[BlackElo "1400"]
[Annotator "NA"]
[PlyCount "80"]
[EventDate "2019.07.16"]
[EventType "team-tourn"]
[EventCountry "TUR"]
[SourceTitle "playchess.com"]
[Source "ChessBase"]
[SourceQuality "1"]
[TimeControl "5400+30"]

1. e4 g6 2. d4 Bg7 3. Nf3 d6 4. Be3 Nc6 5. h3 Nf6 6. Nc3 O-O 7. Bc4 e5 8. dxe5 Nxe5 9. Nxe5 dxe5 10. O-O Qe7 11. f3 Rd8 12. Qe2 Be6 13. Rfd1 a6 14. Bg5 Qc5+ 15. Be3 Qxc4 16. Qf2 Qc6 17. Rd2 Rxd2 18. Qxd2 Qd7 19. Rd1 Rd8 20. Qe2 Qe7 21. Nd5 Nxd5 22. exd5 Rxd5 23. Re1 Qb4 24. c3 Qe7 25. c4 Rd7 26. b3 Qd6 27. Bc1 Qd3 28. Bb2 Qxe2 29. Rxe2 f6 30. f4 Kf7 31. fxe5 fxe5 32. Bxe5 Bxe5 33. Rxe5 Rd2 34. a3 Rd3 35. b4 Rxa3 36. Re4 a5 37. c5 Ra1+ 38. Kf2 a4 39. b5 a3 40. Ra4 a2 0-1

[Event "Turkish Club Cup 2019"]
[Site "Konya"]
[Date "2019.07.16"]
[Round "1"]
[White "Cilekaya, Esma Nur"]
[Black "Yorgun, Yaren Naz"]
[Result "0-1"]
[ECO "C01"]
[WhiteElo "1325"]
[BlackElo "1819"]
[Annotator "NA"]
[PlyCount "98"]
[EventDate "2019.07.16"]
[EventType "team-tourn"]
[EventCountry "TUR"]
[SourceTitle "playchess.com"]
[Source "ChessBase"]
[SourceQuality "1"]
[TimeControl "5400+30"]

1. e4 e6 2. Nc3 d5 3. exd5 exd5 4. Nf3 Nf6 5. d4 Be7 6. Bd3 Bg4 7. Qe2 O-O 8. Be3 Bb4 9. Qd2 c5 10. Ne5 Nc6 11. Nxg4 Nxg4 12. Be2 Nxe3 13. fxe3 cxd4 14. exd4 Qh4+ 15. g3 Qxd4 16. O-O-O Qxd2+ 17. Rxd2 d4 18. Nb5 Bxd2+ 19. Kxd2 a6 20. Nd6 Rab8 21. Bf3 Ne5 22. Bxb7 Rfd8 23. Re1 Nf3+ 24. Bxf3 Rxd6 25. b3 Rf6 26. Be2 Rf2 27. h4 Re8 28. Kd3 a5 29. a3 Re3+ 30. Kd2 Kf8 31. Kd1 g6 32. g4 Ke7 33. h5 Kd6 34. Bd3 Rxe1+ 35. Kxe1 Rg2 36. hxg6 fxg6 37. Be2 Rg1+ 38. Kd2 Kc5 39. c3 dxc3+ 40. Kxc3 Rg3+ 41. Kc2 Rh3 42. b4+ axb4 43. axb4+ Kxb4 44. Kd2 Kc5 45. Ke1 Kd4 46. Kf1 Re3 47. Bd1 Ke4 48. Kf2 Kf4 49. Ba4 Rg3 0-1

[Event "Turkish Club Cup 2019"]
[Site "Konya"]
[Date "2019.07.16"]
[Round "1"]
[White "Karatas, Mehmet Salih"]
[Black "Pasa, Ahmet"]
[Result "1/2-1/2"]
[ECO "A48"]
[WhiteElo "1312"]
[BlackElo "1500"]
[Annotator "NA"]
[PlyCount "80"]
[EventDate "2019.07.16"]
[EventType "team-tourn"]
[EventCountry "TUR"]
[SourceTitle "playchess.com"]
[Source "ChessBase"]
[SourceQuality "1"]
[TimeControl "5400+30"]

1. d4 Nf6 2. Nf3 g6 3. Bf4 d6 4. e3 Bg7 5. h3 O-O 6. Bc4 c6 7. O-O b5 8. Bb3 a5 9. a3 Ba6 10. Re1 Nbd7 11. Nbd2 c5 12. c3 h6 13. Bh2 Bb7 14. e4 b4 15. axb4 axb4 16. Qc2 Rc8 17. Qd3 bxc3 18. bxc3 cxd4 19. cxd4 d5 20. exd5 Bxd5 21. Bxd5 Nxd5 22. Ne4 Nb4 23. Qb5 Nc2 24. Ne5 Nxe5 25. Bxe5 Bxe5 26. Qxe5 Nxa1 27. Rxa1 Qc7 28. Qb5 Rfd8 29. Qb4 Rb8 30. Qd2 Qb6 31. Rd1 f5 32. Nc5 Rbc8 33. Qa2+ Kh7 34. Qf7+ Kh8 35. Ne6 Rg8 36. Qxe7 Qb3 37. Qf6+ Kh7 38. Qf7+ Kh8 39. Qf6+ Kh7 40. Qf7+ Kh8 1/2-1/2

[Event "Turkish Club Cup 2019"]
[Site "Konya"]
[Date "2019.07.16"]
[Round "1"]
[White "Bas, Selin"]
[Black "Mertoglu, Sukran"]
[Result "1/2-1/2"]
[ECO "D02"]
[WhiteElo "1286"]
[BlackElo "1282"]
[Annotator "NA"]
[PlyCount "164"]
[EventDate "2019.07.16"]
[EventType "team-tourn"]
[EventCountry "TUR"]
[SourceTitle "playchess.com"]
[Source "ChessBase"]
[SourceQuality "1"]
[TimeControl "5400+30"]

1. d4 d5 2. Bf4 Nf6 3. Nf3 e6 4. e3 c5 5. c3 Nc6 6. Bd3 Bd7 7. Nbd2 Nh5 8. Bg5 Nf6 9. Ne5 Be7 10. Bf4 cxd4 11. exd4 O-O 12. Qf3 g6 13. g4 Ne8 14. Qh3 Nxe5 15. dxe5 Bg5 16. Bg3 Bxd2+ 17. Kxd2 Bc6 18. Rhf1 Qb6 19. Rab1 Bb5 20. Bh4 f6 21. exf6 Nxf6 22. Bxf6 Rxf6 23. Bxb5 Qxb5 24. Qd3 Qc5 25. Qe3 Qd6 26. f4 b6 27. Qe5 Qe7 28. f5 Rc8 29. Rbe1 Rcf8 30. Rg1 Qd7 31. fxe6 Qe7 32. Kc1 Re8 33. Qxd5 Rxe6 34. Rxe6 Qxe6 35. Qxe6+ Rxe6 36. Kd2 Kf7 37. Rf1+ Ke7 38. Rf3 Rd6+ 39. Rd3 Rf6 40. Ke2 g5 41. Re3+ Kd7 42. Rf3 Re6+ 43. Kd2 Re7 44. Rf5 Rg7 45. Kd3 Ke6 46. Ke4 h6 47. Re5+ Kf6 48. Kd4 Rd7+ 49. Rd5 Re7 50. Rd6+ Kg7 51. Kd3 Rf7 52. b3 Rf3+ 53. Kc4 Rf4+ 54. Rd4 Rf7 55. Kb5 Re7 56. Kc6 Re6+ 57. Rd6 Re2 58. Rd7+ Kf6 59. Rxa7 Rxh2 60. Kxb6 Rg2 61. c4 Rxg4 62. c5 Rb4+ 63. Ka5 Rb8 64. c6 g4 65. c7 Rc8 66. Ra6+ Kg5 67. Rc6 g3 68. Kb6 h5 69. Kb7 Rxc7+ 70. Rxc7 Kg4 71. a4 h4 72. a5 h3 73. a6 h2 74. Rh7 g2 75. Rg7+ Kh3 76. Rh7+ Kg3 77. Rg7+ Kf2 78. Rxg2+ Kxg2 79. a7 h1=Q 80. a8=Q Kf2+ 81. Kb8 Qh8+ 82. Ka7 Qd4+ 1/2-1/2

[Event "Turkish Club Cup 2019"]
[Site "Konya"]
[Date "2019.07.16"]
[Round "1"]
[White "Cankurt, Busra"]
[Black "Temel, Burcu Melis"]
[Result "0-1"]
[ECO "B22"]
[WhiteElo "1262"]
[BlackElo "1790"]
[Annotator "NA"]
[PlyCount "71"]
[EventDate "2019.07.16"]
[EventType "team-tourn"]
[EventCountry "TUR"]
[SourceTitle "playchess.com"]
[Source "ChessBase"]
[SourceQuality "1"]
[TimeControl "5400+30"]

1. e4 c5 2. Nf3 Nc6 3. c3 d5 4. exd5 Qxd5 5. b3 e6 6. Bc4 Qd7 7. O-O a6 8. a4 Nf6 9. d4 cxd4 10. Nxd4 Ne5 11. Nd2 Bc5 12. Bb2 O-O 13. Re1 Qc7 14. h3 Ng6 15. N2f3 e5 16. Ne2 Ne4 17. Rf1 Qb6 18. Qe1 Qf6 19. Bd3 Bf5 20. Nh2 Nxf2 21. Rxf2 Bxf2+ 22. Qxf2 Bxd3 23. Qxf6 gxf6 24. Ng3 f5 25. c4 Rad8 26. Re1 f6 27. Nf3 f4 28. Ne4 Bc2 29. Nc5 Rf7 30. Rc1 Rd1+ 31. Rxd1 Bxd1 32. a5 Bxf3 33. gxf3 Nh4 34. Kf2 Rg7 35. Ne4 Rg2+ 36. Kf1 0-1

[Event "Turkish Club Cup 2019"]
[Site "Konya"]
[Date "2019.07.16"]
[Round "1"]
[White "Zeycan, Alara"]
[Black "Yalcin, Sudenaz"]
[Result "0-1"]
[ECO "A47"]
[WhiteElo "1252"]
[BlackElo "1371"]
[Annotator "NA"]
[PlyCount "104"]
[EventDate "2019.07.16"]
[EventType "team-tourn"]
[EventCountry "TUR"]
[SourceTitle "playchess.com"]
[Source "ChessBase"]
[SourceQuality "1"]
[TimeControl "5400+30"]

1. d4 Nf6 2. e3 d6 3. Bd3 g6 4. Nf3 Bg7 5. O-O O-O 6. c3 Nbd7 7. Nbd2 c5 8. Re1 b6 9. e4 Bb7 10. e5 Nd5 11. exd6 exd6 12. dxc5 dxc5 13. Nc4 N7f6 14. Bg5 Qc7 15. Nce5 Rad8 16. Qa4 Rc8 17. Rad1 a6 18. c4 Nb4 19. Bxf6 b5 20. cxb5 Bxf6 21. Be4 Bxe5 22. Nxe5 Bxe4 23. Rxe4 Qb7 24. Rf4 axb5 25. Qb3 Qe7 26. Nd7 Rfd8 27. Nf6+ Kg7 28. h3 c4 29. Qf3 Nd3 30. Nd5 Rxd5 31. Qxd5 Nxf4 32. Qxb5 Rc5 33. Qb4 Qg5 34. Qc3+ Re5 35. Qf3 Nd3 36. g4 Rf5 37. Qe4 Rf4 38. Qe3 Qf6 39. Rd2 Rf3 40. g5 Qf5 41. Qd4+ Ne5 42. Re2 Qxg5+ 43. Kf1 Rf5 44. a4 Qc1+ 45. Re1 Qg5 46. Re2 f6 47. h4 Qc1+ 48. Kg2 Qf4 49. Re4 Qf3+ 50. Kg1 Qb3 51. Qa7+ Kh6 52. Qc5 Nf3+ 0-1

[Event "Turkish Club Cup 2019"]
[Site "Konya"]
[Date "2019.07.16"]
[Round "1"]
[White "Ekmekcioglu, Gokdeniz"]
[Black "Yilmaz, Yigithan Furkan"]
[Result "1-0"]
[ECO "C06"]
[WhiteElo "1246"]
[BlackElo "1359"]
[Annotator "NA"]
[PlyCount "129"]
[EventDate "2019.07.16"]
[EventType "team-tourn"]
[EventCountry "TUR"]
[SourceTitle "playchess.com"]
[Source "ChessBase"]
[SourceQuality "1"]
[TimeControl "5400+30"]

1. e4 e6 2. d4 d5 3. Nd2 Nf6 4. e5 Nfd7 5. Bd3 c5 6. c3 Nc6 7. Ne2 Be7 8. Nf3 h6 9. O-O O-O 10. Bc2 cxd4 11. cxd4 Nb4 12. Bb1 Re8 13. a3 Nc6 14. Qd3 Nf8 15. Ng3 f6 16. exf6 Bxf6 17. Nh5 Qe7 18. Nxf6+ Qxf6 19. Re1 Bd7 20. Ne5 Rac8 21. Nxd7 Nxd7 22. Be3 Nb6 23. Ba2 Rcd8 24. Rad1 Qf5 25. Qxf5 exf5 26. Bb1 g6 27. Bxh6 Nxd4 28. Rxe8+ Rxe8 29. Be3 Nc6 30. Bxb6 axb6 31. Kf1 Kg7 32. Rxd5 Re7 33. Rb5 Na5 34. Ba2 Rc7 35. Rxb6 Rc1+ 36. Ke2 Rc2+ 37. Kf3 g5 38. h3 Rc5 39. a4 Nc6 40. Rxb7+ Kf6 41. g3 g4+ 42. hxg4 Ne5+ 43. Kg2 Nxg4 44. Rb6+ Ke7 45. Re6+ Kd7 46. Re2 Ne5 47. b4 Rc4 48. Bxc4 Nxc4 49. Rc2 Nb6 50. a5 Nd5 51. Rd2 Kc6 52. Rxd5 Kxd5 53. a6 Kc6 54. b5+ Kb6 55. Kf3 f4 56. g4 Kc7 57. g5 Kc8 58. g6 Kb8 59. g7 Ka7 60. g8=Q Kb6 61. Qb8+ Ka5 62. a7 Ka4 63. a8=Q+ Kb4 64. Qxf4+ Kc5 65. Qc6# 1-0

[Event "Turkish Club Cup 2019"]
[Site "Konya"]
[Date "2019.07.16"]
[Round "1"]
[White "Ay, Altug"]
[Black "Celik, Musa"]
[Result "0-1"]
[ECO "B13"]
[WhiteElo "1224"]
[BlackElo "1773"]
[Annotator "NA"]
[PlyCount "90"]
[EventDate "2019.07.16"]
[EventType "team-tourn"]
[EventCountry "TUR"]
[SourceTitle "playchess.com"]
[Source "ChessBase"]
[SourceQuality "1"]
[TimeControl "5400+30"]

1. d4 Nf6 2. Nf3 e6 3. Bf4 d5 4. e3 c5 5. c3 cxd4 6. exd4 Bd6 7. Bxd6 Qxd6 8. Nbd2 O-O 9. Bd3 Nc6 10. O-O e5 11. dxe5 Nxe5 12. Nxe5 Qxe5 13. Re1 Qc7 14. Qc2 Bg4 15. Nb3 Rad8 16. Nd4 a6 17. Re3 Rfe8 18. Rae1 Rxe3 19. Rxe3 Bh5 20. h3 Bg6 21. Bxg6 hxg6 22. Qe2 Rd7 23. f3 Kh7 24. Re5 Nh5 25. Re8 Qg3 26. Qe1 Qg5 27. Re5 Qf6 28. Qe3 Nf4 29. Ne2 Nd3 30. Re8 Nxb2 31. Qc5 Rd8 32. Re7 Rc8 33. Qb4 b5 34. Rb7 Na4 35. Qg4 Re8 36. Nf4 Nxc3 37. h4 Qxf4 38. Qxf4 Ne2+ 39. Kf2 Nxf4 40. Rxf7 Nd3+ 41. Kg3 Nb4 42. Rd7 Nxa2 43. Rxd5 b4 44. Ra5 b3 45. Rxa6 Rb8 0-1

[Event "Turkish Club Cup 2019"]
[Site "Konya"]
[Date "2019.07.16"]
[Round "1"]
[White "Karakilinc, Ali Kerem"]
[Black "Ince, Eray"]
[Result "0-1"]
[ECO "B01"]
[WhiteElo "1160"]
[BlackElo "1459"]
[Annotator "NA"]
[PlyCount "120"]
[EventDate "2019.07.16"]
[EventType "team-tourn"]
[EventCountry "TUR"]
[SourceTitle "playchess.com"]
[Source "ChessBase"]
[SourceQuality "1"]
[TimeControl "5400+30"]

1. e4 d5 2. exd5 Qxd5 3. Nc3 Qd8 4. Nf3 Nf6 5. d4 Bg4 6. Be2 e6 7. a3 c6 8. Be3 Bd6 9. Qd2 Qc7 10. h3 Bxf3 11. Bxf3 Nbd7 12. Ne4 Nxe4 13. Bxe4 f5 14. Bd3 f4 15. Qe2 fxe3 16. Qh5+ Kd8 17. Qg5+ Nf6 18. fxe3 h6 19. Qg6 Qa5+ 20. c3 Qg5 21. Qxg5 hxg5 22. O-O-O Kc7 23. c4 g4 24. hxg4 Nxg4 25. c5 Bg3 26. Rxh8 Rxh8 27. Rf1 Bf2 28. Kb1 Rf8 29. e4 Ne3 30. Rh1 Nxg2 31. Rd1 Bxd4 32. b4 Rf2 33. Bc4 e5 34. Rd3 Ne3 35. Be6 Rf1+ 36. Ka2 Ra1+ 37. Kb3 Rd1 38. Rxd1 Nxd1 39. Kc2 Nf2 40. Bf5 Kd8 41. Kd2 Ke7 42. a4 Kf6 43. Bc8 b6 44. cxb6 axb6 45. Bb7 c5 46. bxc5 Bxc5 47. Ke2 g5 48. Kf1 g4 49. Kg2 Kg5 50. Kg3 Nd3 51. Ba6 Nb2 52. Bc8 Nxa4 53. Bxg4 Nc3 54. Bf5 Ne2+ 55. Kg2 Kf4 56. Bh7 Nc3 57. Bf5 Nxe4 58. Bxe4 Kxe4 59. Kf1 b5 60. Ke2 b4 0-1

[Event "Turkish Club Cup 2019"]
[Site "Konya"]
[Date "2019.07.16"]
[Round "1"]
[White "Aslan, Elif Cagil"]
[Black "Turkoglu, Sila Eylul"]
[Result "1/2-1/2"]
[ECO "C10"]
[WhiteElo "1102"]
[BlackElo "1201"]
[Annotator "NA"]
[PlyCount "137"]
[EventDate "2019.07.16"]
[EventType "team-tourn"]
[EventCountry "TUR"]
[SourceTitle "playchess.com"]
[Source "ChessBase"]
[SourceQuality "1"]
[TimeControl "5400+30"]

1. e4 e6 2. d4 d5 3. Nd2 dxe4 4. Nxe4 Nd7 5. Nf3 Ngf6 6. Nxf6+ Nxf6 7. g3 b6 8. Bb5+ Bd7 9. a4 a6 10. Be2 Bc6 11. O-O Bd6 12. Bd2 O-O 13. c4 a5 14. Bd3 Bb7 15. Bc3 Ne4 16. Bxe4 Bxe4 17. d5 exd5 18. Qd4 Qf6 19. Qxe4 dxe4 20. Bxf6 exf3 21. Bc3 Rfe8 22. Rfe1 f5 23. Re3 Rxe3 24. fxe3 g5 25. Kf2 g4 26. h3 h5 27. hxg4 hxg4 28. Rh1 Rf8 29. Re1 Re8 30. Rh1 Be5 31. Bxe5 Rxe5 32. Rd1 Re7 33. Rd5 Rf7 34. c5 Kg7 35. cxb6 cxb6 36. Rb5 Rf6 37. Rd5 Kf7 38. Re5 Kg6 39. Rd5 Rc6 40. Rd2 Kf6 41. b3 Ke6 42. Rb2 Kd5 43. Rd2+ Kc5 44. Rc2+ Kd5 45. Rd2+ Ke6 46. Rb2 Kd7 47. Rd2+ Kc7 48. Rb2 Rc3 49. b4 axb4 50. Rxb4 Kc6 51. Rb2 Rc5 52. Rd2 Rc4 53. Ra2 Rc5 54. Rd2 Kb7 55. Rd7+ Ka6 56. Rd2 Ka5 57. Rb2 Rd5 58. Ke1 b5 59. axb5 Rxb5 60. Rd2 Re5 61. Kf2 Kb4 62. Rd1 Re8 63. Rd5 Rf8 64. Rd2 Kc5 65. Rd4 Rf6 66. Rf4 Kd6 67. e4 Ke5 68. exf5 Rxf5 69. Rxg4 1/2-1/2

[Event "Turkish Club Cup 2019"]
[Site "Konya"]
[Date "2019.07.16"]
[Round "1"]
[White "Karaca, Doruk"]
[Black "Vursan, Emre Can"]
[Result "1/2-1/2"]
[ECO "D07"]
[WhiteElo "1096"]
[BlackElo "1714"]
[Annotator "NA"]
[PlyCount "101"]
[EventDate "2019.07.16"]
[EventType "team-tourn"]
[EventCountry "TUR"]
[SourceTitle "playchess.com"]
[Source "ChessBase"]
[SourceQuality "1"]
[TimeControl "5400+30"]

1. d4 d5 2. e3 Nc6 3. Nf3 Bg4 4. Be2 e6 5. c4 dxc4 6. Nc3 Nf6 7. h3 Bh5 8. Bd2 Bb4 9. Rc1 Bxc3 10. Rxc3 O-O 11. O-O Ne7 12. Rxc4 Ned5 13. Qb3 Ne4 14. Bb4 Re8 15. Rfc1 a5 16. Be1 Qe7 17. R4c2 c6 18. a3 a4 19. Qc4 Nd6 20. Qa2 Bg6 21. Rd2 Be4 22. Rdd1 Nb6 23. Bb4 Nd5 24. Rd2 Nxb4 25. axb4 Bd5 26. Qb1 Ne4 27. Rdd1 Qxb4 28. Bd3 Nf6 29. Ne5 Qe7 30. Bc4 Nd7 31. Bxd5 exd5 32. Nxd7 Qxd7 33. b3 a3 34. Rd2 Qe7 35. Rc5 Ra6 36. Ra2 Qe4 37. Qxe4 Rxe4 38. Rc1 Re8 39. Rca1 Rea8 40. Kf1 Kf8 41. Ke2 Ke7 42. Kd3 Kd6 43. b4 Kc7 44. Kc3 Kb6 45. Kb3 Kb5 46. Rc1 b6 47. Rb1 Ra4 48. Kc3 f5 49. Rb3 g5 50. f3 Re8 51. Kd2 1/2-1/2

[Event "Turkish Club Cup 2019"]
[Site "Konya"]
[Date "2019.07.16"]
[Round "1"]
[White "Tasdelen, Asuman Betul"]
[Black "Yalcin, Nehir"]
[Result "1/2-1/2"]
[ECO "A05"]
[WhiteElo "1050"]
[BlackElo "1392"]
[Annotator "NA"]
[PlyCount "116"]
[EventDate "2019.07.16"]
[EventType "team-tourn"]
[EventCountry "TUR"]
[SourceTitle "playchess.com"]
[Source "ChessBase"]
[SourceQuality "1"]
[TimeControl "5400+30"]

1. Nf3 Nf6 2. g3 g6 3. Bg2 d6 4. O-O Bg7 5. d3 Nbd7 6. e4 O-O 7. Nbd2 c5 8. b3 Nxe4 9. Nxe4 Bxa1 10. c3 d5 11. Nxc5 Nxc5 12. Be3 Bxc3 13. Bxc5 Bg7 14. Re1 Re8 15. Bd4 Bg4 16. Bxg7 Kxg7 17. Qa1+ Kg8 18. Ne5 Bf5 19. Rd1 Qd6 20. Qd4 Red8 21. Bf3 a6 22. Bg4 Qf6 23. Bxf5 Qxf5 24. Ng4 Qh5 25. Re1 Rac8 26. h4 Rc7 27. Rxe7 Qxg4 28. Qxg4 Rxe7 29. Qg5 Rdd7 30. h5 Re6 31. h6 f6 32. Qc1 Rc6 33. Qe3 Kf7 34. Qf4 d4 35. Qb8 Rcc7 36. Qh8 Ke6 37. Qe8+ Re7 38. Qg8+ Kd6 39. Qd8+ Kc5 40. Qf8 f5 41. Qf6 Red7 42. Qf8+ Kb6 43. Qf6+ Ka7 44. Qe5 Rc3 45. Qe2 Rcc7 46. g4 fxg4 47. Qxg4 Rd5 48. Qe4 Rcd7 49. Kf1 Rh5 50. Qe6 Rhd5 51. Qe4 Rc5 52. Qe6 Rcc7 53. Qe4 Rc6 54. Qe8 Rcd6 55. Qe2 Rf6 56. Qe5 Rf5 57. Qe4 Ra5 58. Qe6 Rad5 1/2-1/2

[Event "Turkish Club Cup 2019"]
[Site "Konya"]
[Date "2019.07.17"]
[Round "2"]
[White "Cetinkaya, Vedat Ali"]
[Black "Kara, Ibrahim Afsin"]
[Result "1-0"]
[ECO "B00"]
[WhiteElo "2074"]
[BlackElo "1900"]
[Annotator "NA"]
[PlyCount "61"]
[EventDate "2019.07.16"]
[EventType "team-tourn"]
[EventCountry "TUR"]
[SourceTitle "playchess.com"]
[Source "ChessBase"]
[SourceQuality "1"]
[TimeControl "5400+30"]

1. d4 b6 2. e4 Bb7 3. Bd3 e6 4. Nf3 d6 5. Qe2 (5. O-O Nd7 6. Re1 g6 7. Nbd2 Bg7 8. c3 a6 9. Nf1 e5 10. h3 Ngf6 11. Ng3 O-O 12. Bg5 h6 13. Be3 Re8 14. Qc2 Qe7 {½-½ (14) Alekseev,E (2620)-Kamsky,G (2675) St Petersburg 2018}) 5... Nd7 6. Bf4 {[%emt 0:02:30] B00: Queen's Fianchetto Defence, Nimzowitsch Defence} Ne7 $146 ({Predecessor:} 6... a6 7. Nbd2 Ne7 8. Bg3 g6 9. c3 Bg7 10. h4 h6 11. Bc2 Qb8 12. Bf4 Qa7 {0-1 (42) Bernasek,J (2446)-Blatny,P (2483) Brno 2006}) 7. Bg5 c6 8. Nbd2 Qc7 9. Bh4 f6 10. g4 e5 11. g5 Ng6 12. Bg3 O-O-O 13. O-O-O Re8 14. h4 h5 15. Bc4 d5 16. exd5 cxd5 17. Bd3 Nf4 18. Bxf4 Bd6 19. Bg6 Re7 20. Be3 Kb8 21. Bf5 Rc8 22. Nb3 $18 Ba6 23. Qxa6 g6 24. Bxg6 f5 25. Ne1 Bb4 26. Bxf5 e4 27. Bd2 Bxd2+ 28. Rxd2 Qf4 29. Bxd7 Rxd7 30. Qb5 Qf5 31. Ng2 1-0

[Event "Turkish Club Cup 2019"]
[Site "Konya"]
[Date "2019.07.17"]
[Round "2"]
[White "Gulsoy, Mustafa Alpago"]
[Black "Demirbas, Fatih"]
[Result "1-0"]
[ECO "B07"]
[WhiteElo "2069"]
[BlackElo "1742"]
[Annotator "NA"]
[PlyCount "115"]
[EventDate "2019.07.16"]
[EventType "team-tourn"]
[EventCountry "TUR"]
[SourceTitle "playchess.com"]
[Source "ChessBase"]
[SourceQuality "1"]
[TimeControl "5400+30"]

1. e4 d6 2. d4 Nf6 3. Nc3 e5 4. dxe5 dxe5 5. Qxd8+ Kxd8 6. Bg5 Be6 7. Nf3 Nbd7 8. O-O-O Kc8 9. a3 {[%emt 0:01:30] B07: Pirc Defence: Miscellaneous Systems} (9. Bh4 h6 10. Bxf6 gxf6 11. Nh4 c6 12. Kb1 Kc7 13. Ne2 Bc5 14. f3 Nf8 15. Ng3 Ng6 16. Ngf5 Rad8 17. Rxd8 Rxd8 {0-1 (29) Babarykin,S (2411)-Savchenko,B (2562) Moscow 2019}) 9... c6 10. Bh4 Bc5 11. h3 Nh5 $146 ({Predecessor:} 11... b5 12. b4 Be7 13. Nb1 a5 14. c3 Bb3 15. Rd2 Re8 16. Bd3 Bf8 {1-0 (33) Udvardi,Z (1992)-Monus,Z (2030) Hungary 2016}) 12. Na4 Bb6 $1 13. Nxb6+ axb6 14. Ng5 b5 15. Nxe6 fxe6 16. Be2 Nf4 17. Bg4 h5 18. Bf3 Nf6 19. g3 Ng6 20. Bg5 Kc7 21. Rd3 Rad8 22. Rxd8 Kxd8 23. Rd1+ Kc7 24. Kd2 Nf8 25. Ke3 N8d7 26. Be2 Ra8 27. Bxf6 $14 ({White should play} 27. f4 $16) 27... Nxf6 28. f4 g6 29. fxe5 Nd7 30. c4 bxc4 31. Bxc4 Re8 32. Kf4 Rf8+ 33. Kg5 Rf3 34. Rd3 Rxd3 35. Bxd3 Nxe5 36. Be2 Kd6 37. Kf6 c5 38. b3 b6 39. a4 Nd7+ 40. Kxg6 Ke5 41. Kxh5 Nf6+ 42. Kg6 Nxe4 43. g4 Kf4 44. h4 Nc3 45. h5 Nxe2 46. h6 e5 47. h7 Kxg4 48. h8=Q Nf4+ 49. Kf6 e4 50. Qe8 e3 51. Qc8+ Kf3 52. Kg5 Ng2 53. Qc6+ Kf2 54. Kg4 Ne1 55. Qxb6 Nd3 56. Qd6 e2 57. Qxd3 e1=Q 58. Qg3+ 1-0

[Event "Turkish Club Cup 2019"]
[Site "Konya"]
[Date "2019.07.17"]
[Round "2"]
[White "Celik, Abdullah"]
[Black "Ercan, Mehmet Fahri"]
[Result "1-0"]
[ECO "A45"]
[WhiteElo "2054"]
[BlackElo "1883"]
[Annotator "NA"]
[PlyCount "99"]
[EventDate "2019.07.16"]
[EventType "team-tourn"]
[EventCountry "TUR"]
[SourceTitle "playchess.com"]
[Source "ChessBase"]
[SourceQuality "1"]
[TimeControl "5400+30"]

1. d4 Nf6 2. Bg5 h6 3. Bxf6 gxf6 4. e3 b6 5. Nc3 e6 6. d5 e5 7. Qh5 d6 8. Bb5+ Bd7 9. Bxd7+ Nxd7 10. Nge2 Rg8 11. Ne4 Nc5 12. N2g3 Rg6 13. Nxc5 bxc5 14. e4 Rb8 15. O-O-O Qd7 16. Qf3 Qa4 17. Kb1 Rb4 18. a3 Rb8 19. Rhg1 a5 20. h4 $16 (20. Rd3 $18 {has better winning chances.}) 20... h5 21. Nxh5 Qb5 22. Qc3 Qe2 23. Qf3 Qxf3 24. gxf3 Rh6 25. Ng3 Rxh4 26. Rh1 Rf4 27. Rd3 Rd8 28. Nh5 Bh6 29. Nxf4 Bxf4 30. Rh8+ Ke7 31. Rxd8 Kxd8 32. Rb3 Bd2 33. c3 Kc8 34. Rb5 a4 35. Kc2 Be1 36. Ra5 Kb7 37. Rxa4 Bxf2 38. Kd3 Bh4 39. b4 Bf2 40. Kc4 Be3 41. Ra5 cxb4 42. axb4 Bg5 43. Kb5 Bd2 44. c4 Be3 45. Ra1 Bd4 46. Rh1 Be3 47. Rh7 Bf4 48. Rxf7 Bg5 49. c5 dxc5 50. bxc5 1-0

[Event "Turkish Club Cup 2019"]
[Site "Konya"]
[Date "2019.07.17"]
[Round "2"]
[White "Kucuk, Dogan"]
[Black "Yalcin, Ozgun"]
[Result "0-1"]
[ECO "A04"]
[WhiteElo "2028"]
[BlackElo "1881"]
[Annotator "NA"]
[PlyCount "56"]
[EventDate "2019.07.16"]
[EventType "team-tourn"]
[EventCountry "TUR"]
[SourceTitle "playchess.com"]
[Source "ChessBase"]
[SourceQuality "1"]
[TimeControl "5400+30"]

1. e4 c5 2. Nf3 d6 3. d3 g6 4. g3 Bg7 5. Bg2 Nc6 6. O-O e5 7. c3 Nge7 8. Be3 O-O 9. d4 (9. Re1 $11 {keeps the balance.}) 9... exd4 10. cxd4 Bg4 11. dxc5 Bxf3 12. Qxf3 Bxb2 13. Nd2 Bxa1 14. Rxa1 dxc5 15. Bh6 Nd4 {[%emt 0:19:30] [#]} 16. Qg4 $19 (16. Qf6 $1 $17 {[%mdl 512] was worth a try.} Ne2+ 17. Kf1) 16... Re8 17. Rb1 b6 18. Bg5 Ne6 19. Be3 Nc6 20. f4 Qd3 21. Kf2 Ned4 22. e5 Rad8 23. Be4 Qc3 24. h4 f5 25. exf6 Nf5 26. f7+ Kxf7 27. Nf3 Qxe3+ 28. Kg2 Qxe4 0-1